AoeStats
← Abetterhandle

Lombardia

508392841Analyzed
4v4 RM · 11d ago on Sep 22, 2026· 54m 18s· 8 players
Game mode
Random Map
Map size
Large (8 player)
Population
200
Speed
Normal
Resources
Standard
Victory
Conquest
Starting age
Dark Age
Ending age
Imperial Age
RankedLock teamsTeams togetherTeam positionsShared explorationLock speedFull tech treeHidden civsTurbo modeCheats
Victory
Defeat
🇬🇧 Koreans · United Kingdom
1015
+15
🇯🇵 Goths · Japan
1009
+15
🇲🇽 Khitans · Mexico
983
+16
🇨🇳 Persians · China
965
+17
🇦🇷 Vietnamese · Argentina
1013
-17
🇹🇷 Cumans · Türkiye
1000
-16
🇨🇳 Italians · China
988
-16
🇳🇿 Jurchens · New Zealand
948
-14
Borzak4113
0:44 Loom
21:26 Feudal Age
23:39 Wheelbarrow
22:47 Domestication
26:51 Castle Age
29:12 Husbandry
29:39 Forging
29:38 Scale Barding Armor
34:46 Imperial Age
33:54 Iron Casting
34:59 Caravan
37:13 Conscription
38:48 Fletching
39:28 Light Cavalry
43:44 Chain Barding Armor
43:21 Bodkin Arrow
44:54 Hussar
46:54 Plate Barding Armor
Mackem Mover16
10:40 Feudal Age
12:07 Horse Collar
15:36 Double-Bit Axe
18:27 Castle Age
16:26 Gold Mining
17:36 Stone Mining
25:49 Wheelbarrow
27:52 Hand Cart
33:28 Imperial Age
32:41 Ballistics
32:47 Fletching
34:39 Conscription
34:46 Shinkichon
33:47 Elite War Wagon
35:06 Pikeman
35:32 Gambesons
35:48 Squires
35:33 Arson
36:12 Bow Saw
36:29 Crossbowman
37:08 Heavy Rocket Cart
37:40 Halberdier
37:44 Arbalester
38:30 Thumb Ring
39:28 Bodkin Arrow
39:43 Forging
39:34 Scale Mail Armor
39:46 Siege Engineers
40:45 Chemistry
47:27 Iron Casting
46:58 Scale Barding Armor
46:54 Bracer
47:10 Chain Mail Armor
49:24 Gold Shaft Mining
51:18 Chain Barding Armor
51:02 Eupseong
DEEPSKY
12:43 Feudal Age
13:55 Double-Bit Axe
14:00 Horse Collar
16:44 Castle Age
17:39 Bow Saw
17:34 Heavy Plow
18:28 Wheelbarrow
26:18 Gold Mining
27:59 Gold Shaft Mining
28:03 Hand Cart
31:53 Imperial Age
30:18 Forging
30:13 Scale Barding Armor
30:41 Stone Mining
32:10 Iron Casting
32:48 Stone Shaft Mining
32:36 Chain Barding Armor
32:58 Crop Rotation
33:30 Two-Man Saw
33:05 Bloodlines
32:56 Husbandry
32:17 Cavalier
34:49 Plate Barding Armor
35:15 Blast Furnace
35:13 Guilds
36:23 Conscription
35:27 Savar
36:09 Elite Skirmisher
36:46 Fletching
36:56 Padded Archer Armor
38:02 Chemistry
37:23 Ballistics
38:14 Light Cavalry
39:38 Bodkin Arrow
40:12 Hussar
48:42 Heavy Camel Rider
saxike
12:50 Feudal Age
19:41 Castle Age
17:39 Double-Bit Axe
17:37 Horse Collar
22:57 Bow Saw
22:49 Heavy Plow
23:02 Forging
24:55 Loom
25:52 Wheelbarrow
25:03 Town Watch
29:15 Anarchy
29:19 Scale Mail Armor
29:20 Gold Mining
29:20 Stone Mining
33:08 Chain Mail Armor
33:31 Iron Casting
33:49 Hand Cart
40:04 Imperial Age
41:33 Conscription
48:20 Two-Man Saw
47:52 Crop Rotation
47:32 Elite Huskarl
48:17 Perfusion
AGGM
12:28 Feudal Age
20:05 Castle Age
18:19 Double-Bit Axe
18:32 Horse Collar
19:04 Stone Mining
19:07 Gold Mining
20:37 Crossbowman
21:23 Thumb Ring
21:33 Bow Saw
22:24 Wheelbarrow
24:41 Loom
25:55 Padded Archer Armor
25:45 Fletching
27:32 Elite Skirmisher
28:59 Ballistics
29:33 Bodkin Arrow
33:42 Man-at-Arms
37:01 Imperial Age
36:19 Stone Shaft Mining
35:15 Long Swordsman
35:56 Squires
35:42 Arson
37:14 Hand Cart
37:14 Pikeman
37:46 Arbalester
38:29 Halberdier
40:03 Imperial Skirmisher
41:56 Leather Archer Armor
41:42 Scale Mail Armor
41:47 Two-Handed Swordsman
45:02 Chain Mail Armor
44:57 Forging
45:52 Chemistry
46:55 Two-Man Saw
47:38 Plate Mail Armor
49:26 Champion
苏坊
11:01 Feudal Age
15:38 Castle Age
14:38 Double-Bit Axe
22:30 Wheelbarrow
26:47 Hand Cart
26:25 Loom
27:25 Gold Mining
29:39 Stone Mining
32:22 Imperial Age
30:23 Ballistics
32:03 Padded Archer Armor
31:54 Fletching
32:10 Scale Barding Armor
32:16 Forging
32:59 Silk Road
32:30 Horse Collar
33:04 Bow Saw
34:37 Stone Shaft Mining
33:30 Elite Genoese Crossbowman
34:33 Conscription
36:12 Husbandry
36:26 Bloodlines
36:28 Caravan
36:53 Guilds
36:21 Light Cavalry
37:34 Leather Archer Armor
37:14 Bodkin Arrow
37:55 Iron Casting
37:40 Chain Barding Armor
37:21 Hussar
40:05 Ring Archer Armor
39:36 Bracer
44:54 Plate Barding Armor
45:20 Blast Furnace
45:23 Hoardings
45:55 Chemistry
Abetterhandle
2:15 Loom
10:13 Feudal Age
10:44 Double-Bit Axe
13:26 Gold Mining
17:37 Castle Age
15:31 Stone Mining
15:32 Horse Collar
20:31 Bow Saw
23:10 Heavy Plow
25:47 Wheelbarrow
25:00 Town Watch
27:33 Town Watch
28:04 Husbandry
31:23 Imperial Age
29:17 Hand Cart
30:00 Masonry
30:01 Clinker Construction
30:01 Careening
31:44 Forging
31:40 Scale Barding Armor
31:26 Fletching
32:45 Conscription
32:39 Bloodlines
34:51 Elite Steppe Lancer
36:03 Chain Barding Armor
37:22 Iron Casting
39:16 Plate Barding Armor
49:38 Squires
49:24 Gambesons
51:45 Blast Furnace
vwusxa7
10:50 Feudal Age
9:12 Loom
10:58 Feudal Age
12:21 Horse Collar
12:27 Double-Bit Axe
12:47 Town Watch
14:14 Stone Mining
19:10 Castle Age
20:09 Bow Saw
20:00 Heavy Plow
21:30 Gold Mining
21:30 Stone Mining
22:22 Fletching
22:32 Padded Archer Armor
24:35 Bodkin Arrow
26:01 Leather Archer Armor
27:45 Thumb Ring
29:39 Gold Shaft Mining
29:49 Ballistics
30:25 Town Patrol
31:24 Caravan
31:42 Murder Holes
32:34 Wheelbarrow
36:38 Imperial Age
34:36 Hand Cart
36:40 Elite Kipchak
37:43 Conscription
37:58 Ring Archer Armor
43:17 Scale Barding Armor
43:22 Forging
43:25 Steppe Husbandry
44:08 Hoardings
42:57 Elite Steppe Lancer
44:05 Bloodlines
44:18 Chain Barding Armor
44:11 Forging
Connection lost

Rejoining the realm…

Still unreachable

The connection could not be restored.

Session expired

The server has moved on; the page needs a fresh start.